 Dungeon Crawl Stone Soup version 0.19.1-1-g22dce08 (webtiles) character file.

301 rgaf the Shooter (level 6, -4/46 HPs)
             Began as a High Elf Hunter on Dec 30, 2016.
             Hit by a tomahawk thrown by an orc warrior (11 damage)
             ... on level 3 of the Dungeon.
             The game lasted 00:05:23 (4612 turns).

rgaf the Shooter (High Elf Hunter)                  Turns: 4612, Time: 00:05:23

Health: -4/46      AC:  8    Str: 13    XL:     6   Next: 14%
Magic:  16/16      EV:  6    Int: 16    God:
Gold:   104        SH:  0    Dex: 15    Spells: 0 memorised, 5 levels left

rFire  . . .     SeeInvis .     a - +1 shortbow
rCold  . . .     Gourm    .     j - +0 chain mail
rNeg   . . .     Faith    .     (shield currently unavailable)
rPois  .         Spirit   .     (no helmet)
rElec  .         Reflect  .     (no cloak)
rCorr  .         Harm     .     (no gloves)
MR     .....                    (no boots)
Stlth  ..........               (no amulet)
                                (no ring)
                                u - ring of magical power

@: no status effects
A: no striking features
a: no special abilities


You were on level 3 of the Dungeon.
You were not hungry.

You visited 1 branch of the dungeon, and saw 3 of its levels.

You collected 104 gold pieces.

Inventory:

Hand Weapons
 a - a +1 shortbow (weapon)
 b - a +0 rapier
 s - a +0 short sword
Missiles
 d - 35 arrows (quivered)
 h - 43 stones
Armour
 c - a +0 leather armour
 j - a +0 chain mail (worn)
Jewellery
 u - a ring of magical power (left hand)
Scrolls
 k - a scroll of noise {unknown}
 l - 5 scrolls of teleportation {unknown}
 m - a scroll of immolation {unknown}
 n - a scroll of fog {unknown}
 t - 2 scrolls of identify {unknown}
Potions
 e - 2 potions of lignification {unknown}
 g - a potion of heal wounds {unknown}
 i - 3 potions of curing {unknown}
 q - 4 potions of cancellation {unknown}
 r - a potion of mutation {unknown}
 v - a potion of resistance {unknown}
 w - a potion of might {unknown}
Comestibles
 f - a bread ration
 o - a meat ration
 p - a royal jelly


   Skills:
 * Level 5.8 Fighting
 + Level 6.6 Bows
 - Level 2.1 Dodging
 - Level 1.1 Stealth


You had 5 spell levels left.
You didn't know any spells.

Dungeon Overview and Level Annotations

Branches:
Dungeon (3/15)

Altars:


Message History

Aim: an orc priest, wielding a club and wearing a chain mail (heavily wounded)
You shoot an arrow. The arrow hits the orc priest!
You kill the orc priest!
Firing (i - inventory. (,) - cycle):
d - 37 arrows (quivered)
Press: ? - help, Shift-Dir - straight line, f - orc warrior
Aim: an orc warrior, wielding a trident and wearing a chain mail You shoot an arrow.
The arrow hits the orc warrior but does no damage.
Firing (i - inventory. (,) - cycle):
d - 36 arrows (quivered)
Press: ? - help, Shift-Dir - straight line, f/p - orc warrior
Aim: an orc warrior, wielding a trident and wearing a chain mail You shoot an arrow.
The arrow hits the orc warrior but does no damage.
The orc warrior hits you from afar with a trident!
* * * LOW HITPOINT WARNING * * *
You are too injured to fight recklessly!
You are too injured to fight recklessly!
You are too injured to fight recklessly!
The orc warrior throws a tomahawk.
The tomahawk hits you!
You die...

##### ######### #...#
#.......# #...#
##.......# #####...#
#..o.....##
#.%.....###........#.
#.......'.(........'.
#.......##.##......#.
#.....####)#....)..#.
#...@.####.#.....###o
###'###....#.........
#)# #....'.........
#o###....#.....>...
#{o.#....#.........
#...#....##........
#...'o...(.........
##(..#.....(...#....
##...................


You could see an orc warrior.

Vanquished Creatures
  An orc priest (D:3)
  Ijyb (D:2)
  3 orc wizards (D:3)
  3 gnolls (D:2)
  5 adders
  3 worms
  2 dart slugs (D:2)
  3 leopard geckos
  8 orcs (D:3)
  4 giant cockroaches
  8 goblins
  8 hobgoblins
  5 kobolds
  A quokka (D:3)
  A ball python (D:1)
  9 bats
  5 frilled lizards
  7 rats
77 creatures vanquished.

Notes
Turn   | Place    | Note
-------+----------+-------------------------------------------
     0 | D:1      | rgaf the High Elf Hunter began the quest for the Orb.
     0 | D:1      | Reached XP level 1. HP: 14/14 MP: 2/2
   474 | D:1      | Reached XP level 2. HP: 15/20 MP: 3/3
  1525 | D:2      | Reached XP level 3. HP: 26/26 MP: 4/4
  1956 | D:2      | Reached XP level 4. HP: 33/33 MP: 5/5
  2400 | D:2      | You fall through a shaft!
  2636 | D:2      | Noticed Ijyb
  2649 | D:2      | Killed Ijyb
  2649 | D:2      | Reached skill level 6 in Bows
  3221 | D:2      | Reached XP level 5. HP: 38/38 MP: 6/6
  3472 | D:3      | Reached skill level 5 in Fighting
  4328 | D:3      | Reached XP level 6. HP: 26/45 MP: 7/7
  4599 | D:3      | Noticed an orc warrior
  4612 | D:3      | Hit by a tomahawk thrown by an orc warrior

Skill      XL: |  1  2  3  4  5 |
---------------+----------------+-----
Fighting       | 3 4 5 |  5.8
Bows           | 6 |  6.6
Dodging        | |  2.1
Stealth        | |  1.1

Action                   |  1- 3 |  4- 6 || total
-------------------------+-------+-------++-------
Melee: Short sword       |    99 |    78 ||   177
       Rapier            |       |   127 ||   127
 Fire: Shortbow          |    35 |    38 ||    73
 Stab: Sleeping          |     3 |     4 ||     7
       Distracted        |       |     1 ||     1
  Eat: Chunk             |     3 |     6 ||     9
       Bread ration      |       |     1 ||     1
Armor: Leather armour    |    22 |    22 ||    44
       Chain mail        |       |    64 ||    64
Dodge: Dodged            |    76 |   150 ||   226
